Map: 星軌船廠

Players

Rex

  • Race: Zerg Zerg
  • League: Grandmaster

Expect - Winner!

  • Race: Terran Terran
  • League: Master

Event: 2016 WCS Winter Challenger Taiwan

VOD

Have the link to the VOD?

Description

Time

  • Played on: Jan. 16, 2016, 5:45 a.m.
  • Length: 12:32

All games in this series

Show
View Real Time Build Order
Export as new Build Order

Rex Zerg 

Build Orders: Hatch First, Muta Ling Bane 

Get SALT Encoding   

  12  0:01  Drone  
  13  0:08  Drone  
  14  0:17  Overlord  
  14  0:23  Extractor  
  14  0:24  Drone  
  15  0:36  Drone x2  
  17  0:55  Hatchery  
  16  0:58  Drone  
  17  1:04  Extractor  
  16  1:14  Spawning Pool  
  16  1:16  Drone  
  16  1:20  Drone  
  16  1:24  Drone  
  18  1:28  Drone  
  19  1:38  Overlord  
  19  1:57  Hatchery  
  18  2:02  Drone  
  18  2:03  Drone  
  20  2:14  Queen  
  22  2:20  Drone  
  22  2:21  Drone  
  24  2:29  Drone x3  
  27  2:36  Metabolic Boost  
  27  2:40  Zergling x2  
  27  2:43  Drone  
  29  2:49  Queen  
  31  3:04  Drone x2  
  33  3:08  Drone x2  
  33  3:09  Drone  
  33  3:10  Drone  
  37  3:20  Drone  
  37  3:24  Queen  
  40  3:31  Overlord  
  39  3:36  Overlord  
  39  3:39  Zergling x4  
  41  3:43  Drone  
  42  3:52  Roach Warren, Zergling x2  
  42  3:53  Zergling x2  
  44  3:55  Drone x2  
  44  3:59  Overlord  
  44  4:04  Lair  
  44  4:07  Zergling x4  
  46  4:12  Extractor x2  
  46  4:13  Drone x2  
  46  4:21  Drone x2  
  48  4:25  Spore Crawler  
  48  4:28  Drone x2  
  48  4:29  Overlord  
  48  4:30  Drone  
  51  4:34  Drone  
  51  4:37  Drone  
  53  4:39  Overlord, Drone  
  53  4:43  Drone x2  
  53  4:44  Drone x2  
  58  4:46  Extractor  
  58  4:48  Drone  
  58  4:54  Overlord  
  58  5:00  Drone x2  
  60  5:10  Hatchery  
  59  5:15  Spire  
  59  5:18  Zergling x6  
  59  5:20  Zergling x2  
  62  5:22  Zergling x2  
  62  5:27  Overlord  
  63  5:30  Overlord  
  63  5:31  Drone  
  63  5:33  Overlord  
  64  5:41  Baneling Nest  
  64  5:42  Drone  
  64  5:45  Drone x3  
  64  5:48  Drone  
  68  5:51  Queen  
  69  6:10  Overlord x2  
  67  6:22  Queen  
  69  6:28  Mutalisk  
  69  6:29  Mutalisk x8  
  84  6:35  Drone  
  84  6:36  Drone x4  
  84  6:37  Drone  
  90  6:42  Zergling x4  
  90  6:46  Zergling x2  
  90  6:47  Zergling x2  
  94  6:52  Zergling x2  
  94  6:53  Zergling x2  
  91  6:56  Drone x2  
  91  6:58  Extractor  
  91  6:59  Extractor, Queen  
  93  7:03  Zergling x2  
  93  7:04  Zergling x2  
  93  7:06  Zergling x2  
  93  7:07  Zergling x12  
  102  7:09  Baneling  
  102  7:12  Baneling x4  
  102  7:17  Zergling x8  
  102  7:18  Baneling x2  
  102  7:20  Centrifical Hooks  
  106  7:24  Zergling x4  
  106  7:28  Zergling x4  
  109  7:34  Zergling x16  
  107  7:52  Zergling x16  
  107  7:56  Zergling x2  
  107  7:57  Zergling x2  
  107  7:58  Evolution Chamber  
  110  8:00  Mutalisk  
  108  8:08  Drone  
  108  8:09  Drone x3  
  112  8:16  Zergling x2  
  112  8:17  Zergling x4  
  114  8:27  Zerg Ground Armor Level 1  
  114  8:30  Baneling x18  
  114  8:31  Evolution Chamber, Baneling x9, Zergling x2  
  114  8:32  Zergling x6  
  114  8:33  Baneling x2  
  117  8:39  Zergling x6  
  117  8:40  Zergling x4  
  122  8:53  Zergling x2  
  122  8:54  Zergling x8  
  127  9:05  Overlord x3  
  127  9:07  Zerg Flyer Weapons Level 1  
  127  9:08  Zerg Melee Weapons Level 1  
  125  9:16  Overlord  
  123  9:22  Mutalisk x2  
  123  9:23  Overlord  
  123  9:24  Mutalisk x4  
  134  9:31  Drone x5  
  119  9:39  Zergling x14  
  119  9:42  Baneling x4  
  115  9:55  Zergling x18  
  115  9:58  Zergling x4  
  120  10:00  Baneling x5  
  120  10:01  Baneling  
  120  10:04  Baneling x2  
  120  10:08  Baneling x2  
  120  10:10  Zergling x10  
  122  10:22  Zergling x2  
  122  10:23  Zergling x16  
  122  10:26  Baneling x6  
  128  10:28  Baneling x3  
  128  10:29  Baneling  
  128  10:33  Zergling x2  
  128  10:34  Zergling x8  
  131  10:41  Zergling x2  
  131  10:42  Zergling x12  
  119  10:53  Zergling x2  
  119  10:54  Zergling x10  
  106  11:05  Zergling x20  
  104  11:12  Zergling x2  
  104  11:16  Zergling x2  
  106  11:19  Mutalisk x2  
  106  11:24  Mutalisk  
  106  11:25  Mutalisk x2  
  115  11:30  Mutalisk x2, Baneling x9  
  115  11:31  Mutalisk  
  120  11:33  Baneling  
  120  11:34  Baneling x4  
  120  11:37  Baneling x2  
  118  11:41  Zergling x6  
  120  11:53  Zergling x6  
  120  11:54  Zergling x10  
  124  11:58  Mutalisk x3  
  123  12:09  Zergling x2  
  123  12:10  Zergling x12  
  123  12:14  Baneling x5  
  119  12:16  Baneling x5  
Show
View Real Time Build Order
Export as new Build Order

Expect Terran - Winner!

Build Orders: Reaper Expand, MMM Bio 

Get SALT Encoding   

  12  0:01  SCV  
  13  0:13  SCV  
  14  0:17  Supply Depot  
  14  0:25  SCV  
  15  0:39  SCV  
  15  0:40  Barracks  
  16  0:44  Refinery  
  16  0:51  SCV  
  17  1:03  SCV  
  18  1:15  SCV  
  19  1:28  Reaper  
  19  1:30  Orbital Command  
  20  1:42  Command Center  
  20  1:52  Supply Depot  
  20  1:58  SCV  
  21  2:04  Bunker  
  21  2:16  Factory  
  21  2:18  Marine  
  21  2:21  SCV  
  23  2:36  SCV, Marine  
  25  2:42  Supply Depot  
  25  2:44  Refinery  
  25  2:49  SCV  
  26  2:54  Marine  
  26  2:57  Orbital Command  
  27  2:59  Factory Tech Lab  
  27  3:01  SCV  
  28  3:12  Marine  
  29  3:18  Siege Tank  
  32  3:21  SCV  
  32  3:25  SCV  
  34  3:32  Starport  
  34  3:33  SCV  
  35  3:36  Barracks Reactor  
  35  3:39  SCV  
  36  3:46  SCV  
  37  3:51  SCV  
  37  3:53  Command Center  
  38  3:58  SCV  
  39  4:03  SCV  
  39  4:10  SCV, Medivac  
  39  4:15  Supply Depot  
  39  4:16  SCV  
  43  4:18  Siege Tank  
  43  4:19  Marine x2  
  43  4:22  SCV  
  49  4:28  SCV  
  50  4:33  Supply Depot  
  50  4:35  SCV  
  50  4:37  Marine x2  
  53  4:40  SCV  
  53  4:42  Medivac  
  53  4:44  Barracks  
  56  4:47  Barracks  
  55  4:55  Marine x2  
  55  4:57  SCV x2  
  59  5:01  Supply Depot  
  59  5:02  Engineering Bay  
  59  5:07  Engineering Bay, Orbital Command  
  59  5:12  Siege Tank  
  62  5:15  SCV x2  
  62  5:20  Marine x2  
  66  5:27  SCV x2  
  68  5:28  Refinery  
  68  5:32  Refinery, Orbital Command  
  68  5:34  Barracks Tech Lab  
  69  5:37  Starport Reactor  
  69  5:38  Barracks Tech Lab  
  69  5:40  SCV x2  
  70  5:46  Barracks  
  70  5:47  Barracks  
  70  5:52  SCV x2  
  72  5:58  Combat Shields  
  72  5:59  Stimpack, Marine x2  
  72  6:01  SCV  
  75  6:04  SCV x2  
  77  6:11  Supply Depot  
  77  6:13  SCV  
  77  6:16  SCV  
  79  6:19  Marine x4  
  79  6:21  Medivac x2  
  79  6:23  SCV  
  89  6:25  SCV  
  89  6:28  SCV  
  89  6:30  Supply Depot  
  89  6:31  Supply Depot  
  90  6:34  Barracks Reactor x2  
  90  6:36  Marine x2  
  90  6:37  Marine  
  90  6:38  Missile Turret  
  90  6:39  SCV x2  
  95  6:40  SCV  
  95  6:42  Missile Turret  
  96  6:48  Siege Tank, Marine  
  100  6:54  Marine x3  
  103  7:04  Medivac x2  
  103  7:06  Marine  
  108  7:12  Marine x5  
  108  7:13  Marauder, Missile Turret  
  110  7:24  Marine x2  
  110  7:29  Barracks, Marine  
  111  7:30  Barracks x2, Marine x2  
  111  7:34  Marauder  
  116  7:37  Marine  
  116  7:38  Marine  
  117  7:44  Supply Depot  
  117  7:46  Supply Depot, Marine  
  117  7:47  Marauder, Marine  
  117  7:48  Marine  
  119  7:58  Marine x4  
  98  8:04  Marine  
  98  8:05  Marine x2  
  91  8:07  Marine  
  91  8:10  Siege Tank, Medivac x2  
  91  8:11  Barracks  
  91  8:12  Barracks, Command Center  
  101  8:18  Marine x2  
  101  8:19  Marine x3  
  106  8:20  Marauder  
  106  8:26  Armory  
  109  8:33  Marine x2  
  109  8:34  Marauder  
  112  8:35  Barracks Reactor  
  112  8:36  Marine  
  112  8:40  Medivac x2  
  117  8:41  Marine x2  
  117  8:42  Marauder, Marine x2  
  122  8:51  Marine x2  
  122  8:54  Marine  
  122  8:55  Armory, Marauder  
  127  8:59  Marine x3  
  127  9:00  Marine  
  131  9:03  Marine x3  
  131  9:09  Marine x2  
  133  9:11  Marine x2  
  133  9:12  Marine  
  133  9:16  Marauder  
  137  9:17  Marine x4  
  137  9:23  Marine x2  
  145  9:24  Marauder  
  145  9:26  Marine x2  
  145  9:27  Supply Depot  
  145  9:29  Marine x2  
  145  9:31  Marine  
  150  9:35  Marine x4  
  150  9:38  Marauder  
  141  9:41  Marine x2  
  141  9:45  Marauder, Marine  
  144  9:47  Marine x2  
  136  9:57  Marine  
  136  9:58  Marine  
  136  9:59  Marauder  
  134  10:00  Marine x2  
  134  10:01  Marine  
  134  10:02  Marine x3  
  134  10:03  Marine  
  134  10:07  Marauder, Medivac x2, Marine x2  
  145  10:11  Terran Infantry Weapons Level 1, Terran Infantry Armor Level 1  
  149  10:15  Marine x2  
  149  10:18  Marine x2  
  149  10:21  Marauder, Marine x2  
  149  10:27  Marine  
  149  10:28  Marauder  
  146  10:30  Marine x2  
  146  10:31  Marine  
  146  10:36  Medivac  
  146  10:37  Medivac  
  146  10:38  Marine x3  
  146  10:39  Marine  
  146  10:40  Marine x2  
  146  10:41  Marine  
  146  10:42  Marauder  
  152  10:46  Marine  
  152  10:49  Marauder  
  134  10:53  Marine x3  
  134  10:56  Marine x3  
  128  10:57  Marine  
  128  11:03  Marauder  
  128  11:06  Medivac  
  128  11:07  Marine x4  
  128  11:10  Marine  
  128  11:11  Marine x3  
  118  11:13  Marine  
  118  11:14  Marine x2  
  122  11:18  Marine  
  122  11:24  Marine  
  122  11:25  Marine x4  
  126  11:28  Medivac, Marine x3  
  126  11:32  Marine x3  
  133  11:37  Medivac, Marine  
  133  11:38  Marine  
  139  11:42  Marine x2  
  139  11:43  Marine x2  
  139  11:46  Marine x2  
  143  11:51  Marine x2  
  143  11:54  Marine x3  
  143  11:55  Marine  
  143  12:00  Marauder  
Tags
 
Add a new tag
Caveats
  • Supply blocks, unpowered buildings, or Contaminate may cause inaccurate times.
  • Supply counts are checked every 10 seconds.